 Dungeon Crawl Stone Soup version 0.32-a0-599-gba8f9cf90e (webtiles) character file.

Game seed: 4808112677887652668

1719371 NormalPerson7 the Conqueror (level 27, 373/373 HPs)
             Began as a Merfolk Shapeshifter on Mar 3, 2024.
             Was the Champion of Ru.
             Escaped with the Orb
             ... and 3 runes!
             The game lasted 02:55:35 (66015 turns).

NormalPerson7 the Conqueror (Merfolk Shapeshifter) Turns: 66015, Time: 02:55:35

Health: 373/373    AC: 18    Str: 36    XL:     27
Magic:  23/23      EV: 19    Int: 12    God:    Ru [******]
Gold:   5200       SH:  0    Dex: 13    Spells: 26/26 levels left

rFire   + +          .
                       - Unarmed
rCold   . . .        (shield unavailable)
rNeg    . . .        W - melded +8 chain mail {Will+}
rPois   +            K - melded +0 helmet
rElec   .            S - melded +0 cloak of Vanity {rElec rC+ Regen+}
rCorr   .            G - melded +0 pair of gloves
SInv    .            P - melded +1 pair of boots {rampage}
Will    +++..        z - amulet of regeneration Stlth
                     (ring unavailable)
HPRegen 1.62/turn    E - ring "Naelefri" {Wiz rC+ Will+ Stlth+}
MPRegen 0.18/turn

%: wizardry (x1)
@: dragon-form, flying, studying Ranged Weapons
A: dragon claw, dragon scales, breathe fire, flying, boosted hp, giant,
inability to read after injury 2, missing a hand, no stealth, no conjurations
magic, no hexes magic, no ice magic, disrupted magic 2, (nimble swimmer 2),
(mertail), (poison resistance), (electricity resistance), subdued magic 1
0: Orb of Zot
}: 3/15 runes: serpentine, barnacled, silver
a: Breathe Fire, Begin Untransformation, Renounce Religion, Draw Out Power,
Power Leap, Apocalypse


You escaped.
You worshipped Ru.
Ru was exalted by your worship.
You were a fearsome dragon!
You visited 10 branches of the dungeon, and saw 48 of its levels.
You also visited: Gauntlet, Volcano, Wizlab and Desolation.

You collected 7693 gold pieces.
You spent 2493 gold pieces at shops.

Inventory:

Missiles
 R - 2 throwing nets (quivered) {!f}
Armour
 G - a +0 pair of gloves (melded)
 K - a +0 helmet (melded)
 P - a +1 pair of boots of rampaging (melded)
 S - the +0 cloak of Vanity (melded) {rElec rC+ Regen+}
   (You found it in a Gauntlet)

   rC+:       It protects you from cold.
   rElec:     It insulates you from electricity.
   Regen+:    It increases your rate of health regeneration.
 W - a +8 chain mail of willpower (melded)
Jewellery
 m - the ring "Quemeps" {rN++ Will+}
   (You found it on level 5 of the Lair of Beasts)

   [ring of willpower]

   rN++:      It greatly protects you from negative energy.
   Will+:     It increases your willpower.
 p - the ring of Mirth {rF+ MP+9 Str+3}
   (You found it on level 3 of the Lair of Beasts)

   [ring of magical power]

   Str+3:     It affects your strength (+3).
   rF+:       It protects you from fire.
   MP+9:      It affects your magic capacity (+9).
 z - an amulet of regeneration (around neck)
 A - a +4 ring of protection
 E - the ring "Naelefri" (right foreclaw) {Wiz rC+ Will+ Stlth+}
   (You took it off a deep elf blademaster on level 3 of the Elven Halls)

   [ring of wizardry]

   Wiz:       It improves your spell success rate.
   rC+:       It protects you from cold.
   Will+:     It increases your willpower.
   Stlth+:    It makes you more stealthy.
 X - a ring of resist corrosion
Talismans
 e - a dragon-blood talisman (active)
 g - a blade talisman
 F - a granite talisman
 I - the serpent talisman of Ukoni {rCorr}
   (You took it off Aizul on level 1 of the Snake Pit)

   [serpent talisman]

   rCorr:     It protects you from acid and corrosion.
Wands
 d - a wand of light (20)
 q - a wand of paralysis (46)
 s - a wand of warping (26)
 T - a wand of mindburst (19)
 U - a wand of digging (27)
Scrolls
 i - 16 scrolls of fear
 k - a scroll of revelation
 r - 3 scrolls of enchant weapon
 t - 18 scrolls of teleportation
 u - 2 scrolls of fog
 w - 5 scrolls of summoning
 x - 4 scrolls of blinking
 y - 4 scrolls of immolation
 D - 8 scrolls of vulnerability
 H - a scroll of silence
 Q - 4 scrolls of poison
Potions
 a - 6 potions of invisibility
 b - 14 potions of lignification
 c - 26 potions of curing
 f - 10 potions of haste
 h - 17 potions of heal wounds
 j - 3 potions of ambrosia
 v - a potion of resistance
 C - 7 potions of attraction
 J - 2 potions of magic {magic/experience}
 L - a potion of enlightenment
 M - 11 potions of brilliance
 N - 11 potions of mutation
 V - 5 potions of berserk rage
 Y - 7 potions of might
Miscellaneous
 n - a condenser vane
 o - a phantom mirror
 B - a phial of floods
 O - a lightning rod (4/4)
 Z - a sack of spiders


   Skills:
 O Level 27 Fighting
 - Level 6.0 Armour
 O Level 27 Dodging
 O Level 27 Unarmed Combat
 + Level 19.1 Evocations
 - Level 25.0 Shapeshifting


You had 26 spell levels left.
You didn't know any spells.
Your spell library contained the following spells:

 Spells                   Type           Power      Damage    Failure   Level
 Apportation              Tloc           0%         N/A       21%         1
 Necrotise                Necr           0%         1d4       21%         1
 Summon Small Mammal      Summ           0%         N/A       21%         1
 Call Imp                 Summ           0%         N/A       28%         2
 Mercury Vapours          Alch/Air       0%         N/A       28%         2
 Scorch                   Fire           0%         2d5       28%         2
 Sublimation of Blood     Necr           0%         N/A       28%         2
 Call Canine Familiar     Summ           0%         N/A       45%         3
 Gell's Gravitas          Tloc           0%         N/A       45%         3
 Swiftness                Air            0%         N/A       45%         3
 Teleport Other           Tloc           0%         N/A       45%         3
 Vampiric Draining        Necr           0%         2d6       45%         3
 Volatile Blastmotes      Fire/Tloc      0%         2d10      45%         3
 Airstrike                Air            0%         2d(0-16)  82%         4
 Animate Armour           Summ/Erth      0%         N/A       82%         4
 Animate Dead             Necr           0%         N/A       82%         4
 Leda's Liquefaction      Alch/Erth      0%         N/A       82%         4
 Olgreb's Toxic Radiance  Alch           0%         N/A       82%         4
 Passage of Golubria      Tloc           0%         N/A       82%         4
 Petrify                  Alch/Erth      0%         N/A       82%         4
 Sticky Flame             Fire/Alch      0%         2d4       82%         4
 Summon Blazeheart Golem  Fire/Summ      0%         N/A       82%         4
 Summon Lightning Spire   Summ/Air       0%         N/A       82%         4
 Vhi's Electric Charge    Tloc/Air       0%         N/A       82%         4
 Lee's Rapid Deconstruct  Erth           0%         3d4*      98%         5
 Summon Forest            Summ/Tloc      0%         N/A       98%         5
 Dispersal                Tloc           0%         N/A       100%        6
 Plasma Beam              Fire/Air       0%         2x1d10    100%        6
 Summon Cactus Giant      Summ           0%         N/A       100%        6
 Haunt                    Necr/Summ      0%         N/A       100%        7
 Summon Hydra             Summ           0%         N/A       100%        7
 Borgnjor's Revivificati  Necr           0%         N/A       100%        8
 Ignition                 Fire           0%         3d3       100%        8
 Infestation              Necr           0%         N/A       100%        8
 Maxwell's Capacitive Co  Air            0%         ∞         100%        8
 Death's Door             Necr           0%         N/A       100%        9
 Dragon's Call            Summ           0%         N/A       100%        9
 Foxfire                  Conj/Fire      Unusable   2x1d4     N/A         1
 Freeze                   Ice            Unusable   1d3       N/A         1
 Shock                    Conj/Air       Unusable   1d3       N/A         1
 Slow                     Hex            Unusable   N/A       N/A         1
 Sting                    Conj/Alch      Unusable   1d3       N/A         1
 Searing Ray              Conj           Unusable   2d4       N/A         2
 Confusing Touch          Hex            Unusable   N/A       N/A         3
 Dazzling Flash           Conj/Hex       Unusable   N/A       N/A         3
 Frozen Ramparts          Ice            Unusable   1d1       N/A         3
 Inner Flame              Hex/Fire       Unusable   N/A       N/A         3
 Sigil of Binding         Hex            Unusable   N/A       N/A         3
 Stone Arrow              Conj/Erth      Unusable   3d7       N/A         3
 Summon Ice Beast         Ice/Summ       Unusable   N/A       N/A         3
 Cause Fear               Hex            Unusable   N/A       N/A         4
 Dimensional Bullseye     Hex/Tloc       Unusable   N/A       N/A         4
 Flame Wave               Conj/Fire      Unusable   2d4       N/A         4
 Arcjolt                  Conj/Air       Unusable   1d10      N/A         5
 Fireball                 Conj/Fire      Unusable   3d3       N/A         5
 Irradiate                Conj/Alch      Unusable   3d11      N/A         5
 Metabolic Englaciation   Hex/Ice        Unusable   N/A       N/A         5
 Silence                  Hex/Air        Unusable   N/A       N/A         5
 Summon Mana Viper        Hex/Summ       Unusable   N/A       N/A         5
 Conjure Ball Lightning   Conj/Air       Unusable   3x3d6     N/A         6
 Sculpt Simulacrum        Ice/Alch       Unusable   N/A       N/A         6
 Starburst                Conj/Fire      Unusable   6d3       N/A         6
 Orb of Destruction       Conj           Unusable   9d5       N/A         7
 Ozocubu's Refrigeration  Ice            Unusable   4d7       N/A         7
 Spellforged Servitor     Conj/Summ      Unusable   N/A       N/A         7
 Lehudib's Crystal Spear  Conj/Erth      Unusable   10d2      N/A         8

Dungeon Overview and Level Annotations

Branches:
Dungeon (15/15)            Temple (1/1) D:7            Lair (5/5) D:9
 Shoals (4/4) Lair:3        Snake (4/4) Lair:3        Slime (0/5) Lair:4
    Orc (2/2) D:10            Elf (3/3) Orc:2        Vaults (5/5) D:14
  Crypt (0/3) Vaults:3     Depths (4/4) D:15            Zot (5/5) Depths:4
Volcano (visited)          WizLab (visited)         Desolation (visited)
Gauntlet (visited)

Altars:
Ashenzari
Cheibriados
Dithmenos
Elyvilon
Fedhas
Gozag
Hepliaklqana
Kikubaaqudgha
Makhleb
Nemelex Xobeh
Okawaru
Qazlal
Ru
Sif Muna
Trog
Uskayaw
Vehumet
Wu Jian
Xom
Yredelemnul
Zin
The Shining One
Beogh

Shops:
D:2 [   D:5 (   D:6 *   Orc:2 *=(   Elf:1 (   Elf:2 *   Shoals:2 =([!!:
Shoals:3 =   Shoals:4 *   Snake:4 (==:   Vaults:4 **?=

Portals:
Hell: Depths:1 Depths:2 Depths:3 Depths:4
Abyss: Depths:2 Depths:3
Pandemonium: Depths:2
Ziggurat: Depths:3
Trove: D:12 (give 17 scrolls of teleportation)

Annotations:
D:8 3 runed translucent doors, HourglassMan's ghost, novice BaIE
D:11 2 transporters
Elf:2 3 runed translucent doors
Vaults:2 2 transporters, lDtest's ghost, adept CoHu
Zot:1 exclusion: 6 doors


Innate Abilities, Weirdness & Mutations

You are a fearsome dragon!
You have a powerful clawing attack.
Your giant scaled body is strong and resilient, but less evasive.
You can breathe fire.
You are flying.
Your maximum health is greatly increased.
Your armour is entirely melded.
You are incapable of wielding weapons or throwing items.
You sometimes lose the ability to read scrolls when taking damage.
You are missing a hand.
You cannot be stealthy.
You cannot study or cast Conjurations magic.
You cannot study or cast Hexes magic.
You cannot study or cast Ice magic.
Your casting is disrupted.
((You are very nimble when in or above water. (Stealth+, EV+, Speed+++)))
((Your lower body shifts to a powerful aquatic tail in water.))
((Your system is resistant to poisons. (rPois)))
((You are resistant to electric shocks. (rElec)))
Your spells are a little easier to cast, but a little less powerful.


Message History

You fly upwards.
There is a stone staircase leading down here.
You see here a +0 ring mail.
There is a stone staircase leading up here.
You fly upwards.
There is a stone staircase leading down here.
A hell beast comes into view.
The hell beast is stunned by your conviction and fails to attack.
The hell beast misses you. The hell beast barely misses you.
You hit the hell beast. Your bite misses the hell beast.
The hell beast is lightly wounded.
You barely miss the hell beast.
You tail-slap the hell beast, but do no damage.
The hell beast is lightly wounded.
The hell beast bites you but does no damage.
The hell beast completely misses you.
You maul the hell beast!!!
You tail-slap the hell beast, but do no damage.
The hell beast is severely wounded.
The hell beast bites you! The hell beast tramples you!
You hold your ground!
You bite the hell beast!! Your bite misses the hell beast.
The hell beast is almost dead.
You maul the hell beast!!!
You kill the hell beast!
No target in view!
(D) Dungeon (T) Temple (L) Lair (A) Shoals (P) Snake Pit (M) Slime Pits (O) Orcish Mines (E) Elven Halls (V) Vaults (C) Crypt (U) Depths (H) Hell (Z) Zot
Where to? (Tab/Enter - D:1 @ (x,y), ? - help)
A soul eater comes into view.
You see here a +0 leather armour.
Aiming: Dig
Press: ? - help, Shift-Dir - straight line The rock shatters into small pieces.
The soul eater draws from the surrounding life force!
There is a staircase leading out of the dungeon here.
HP restored.
The soul eater draws from the surrounding life force!
You have escaped!

# ##......###+###.#≈##.##.##.# #
##........#♣.P≈#.#≈#..##.##.# #
#.........#♣.♣P#####.###.##.# #
#.........'..~P# #.#.# #.#..# #
#.........#P).♣# #...# #.#..#
###.........#♣..P# ##..###....#
.÷..........#PP.~########..#..#
............#P♣..#.#####...#.##
#...........#♣~.D.....##.#.#.#
###.........######...........####
.............#########3..........
###..............................
#..........#########.##.####...
#...........#### ###[##.# ####
##.............###...##.####
##......##........##......# #
############.###.........#


You could see a soul eater.

Vanquished Creatures
  Tiamat (Zot:5)
  13 dread liches
  6 orbs of fire
  2 ancient liches
  Mara (Depths:1)
  Vv (Depths:2)
  Sojobo (Depths:2)
  6 Killer Klowns (Zot:5)
  4 caustic shrikes (Depths:4)
  A curse toe (Zot:5)
  13 golden dragons
  Nikola (Vaults:3)
  A bone dragon (Depths:4)
  3 electric golems
  Mlioglotl (Shoals:4)
  10 tentacled monstrosities
  A walking crystal tome (Depths:3)
  2 liches
  4 titans
  27 Orb Guardians
  A walking divine tome (Depths:1)
  5 quicksilver dragons
  2 deep elf master archers (Elf:3)
  3 sphinxes (Zot:1)
  Asterion (Elf:3)
  2 deep elf blademasters (Elf:3)
  2 krakens
  4 ancient champions (WizLab)
  An Executioner (Depths:2)
  Kirke (Lair:3)
  15 death cobs
  12 storm dragons
  Aizul (Snake:1)
  Ilsuiw (Shoals:4)
  2 revenants (WizLab)
  9 shadow dragons
  11 tengu reavers
  A protean progenitor (Zot:1)
  Donald (Shoals:1)
  3 imperial myrmidons (Desolation)
  7 nagarajas
  An azure jelly (Depths:2)
  A draconian monk (Zot:1)
  3 draconian knights
  3 deep elf sorcerers (Elf:3)
  5 draconian shifters
  An iron dragon (Depths:3)
  6 draconian scorchers
  13 fire giants
  3 emperor scorpions (Depths:2)
  5 deep elf elementalists
  A balrug (Depths:1)
  11 frost giants
  A caustic shrike zombie (WizLab)
  Louise (Shoals:1)
  4 ghost moths
  6 vault wardens
  4 draconian stormcallers
  4 cacodemons (Depths:2)
  18 ironbound preservers
  12 stone giants
  5 draconian annihilators
  2 orc warlords (Vaults:4)
  A demonspawn corrupter (Depths:2)
  A quicksilver ooze (Gauntlet)
  3 formless jellyfish
  5 ironbound thunderhulks
  9 deep elf demonologists
  A lorocyproca (Depths:2)
  31 very ugly things
  11 green draconians
  Nessos (D:12)
  11 deep elf death magi
  6 halazid warlocks
  9 black draconians
  12 deep elf annihilators
  14 yellow draconians
  2 spectral titans (WizLab)
  3 war gargoyles
  4 dire elephants (Vaults:4)
  11 purple draconians
  17 spark wasps
  9 white draconians
  A minotaur (Gauntlet)
  2 eidola (WizLab)
  A blizzard demon (Depths:2)
  9 red draconians
  5 merfolk impalers
  4 merfolk javelineers (Shoals:4)
  Josephine (Lair:5)
  5 ettins
  18 yaktaur captains
  4 jiangshi
  A green death (Depths:2)
  8 fire dragons
  3 ragged hierophants (Desolation)
  A rakshasa (Depths:3)
  5 deep elf high priests
  3 entropy weavers (Vaults:3)
  3 servants of whispers (Desolation)
  31 vault guards
  9 hydras
  15 peacekeepers
  4 ice dragons
  6 great orbs of eyes
  A hell beast (D:1)
  6 ogre magi
  2 spriggan air magi (Depths:2)
  7 salamander tyrants
  9 ironbound frosthearts
  A catoblepas (D:13)
  9 anacondas
  6 deep troll shamans
  A two-headed ogre (shapeshifter) (Vaults:5)
  4 boulder beetles
  13 dancing weapons
  5 merfolk aquamancers (Shoals:4)
  7 merfolk avatars
  3 centaur warriors
  A satyr (Shoals:2)
  A death knight (D:15)
  13 two-headed ogres
  10 deep troll earth magi
  3 death yaks
  4 tengu warriors
  3 vampire magi
  19 naga sharpshooters
  2 shock serpents (shapeshifter)
  Urug (D:12)
  A spriggan berserker (Depths:4)
  2 occultists (Depths:1)
  11 shock serpents
  10 naga warriors
  21 hell knights
  10 deep elf knights
  3 sun demons
  7 salamander mystics
  14 skeletal warriors
  A soul eater (Depths:2)
  22 sea snakes
  A spectral spark wasp (WizLab)
  A goliath frog (Lair:4)
  8 skysharks
  12 iron trolls
  52 deep trolls
  6 flayed ghosts (WizLab)
  8 naga ritualists
  A spark wasp zombie (WizLab)
  A spectral wolf spider (WizLab)
  10 phantasmal warriors
  A kraken simulacrum (Shoals:4)
  2 mana vipers (shapeshifter) (Vaults:5)
  A glowing orange brain (shapeshifter) (Depths:1)
  4 glowing orange brains
  15 mana vipers
  6 arcanists
  20 harpies
  10 deep elf archers
  8 ironbound convokers
  8 thermic dynamos
  A lindwurm (shapeshifter) (Depths:4)
  4 orc knights
  16 deep elf pyromancers
  2 obsidian statues
  6 lindwurms
  A wolf spider zombie (WizLab)
  13 deep elf zephyrmancers
  8 necromancers
  A sphinx simulacrum (D:15)
  12 fauns
  27 ugly things
  15 manticores
  A frost giant zombie (Vaults:2)
  A tengu skeleton (Vaults:2)
  2 orc sorcerers (Orc:2)
  A shining eye (Gauntlet)
  A faun (shapeshifter) (Vaults:5)
  31 salamanders
  19 elephants
  3 meliai (D:14)
  4 merfolk sirens
  2 cyclopes
  10 guardian serpents
  22 moths of wrath
  2 smoke demons (Depths:1)
  29 black mambas
  10 naga magi
  3 gargoyles (D:14)
  A molten gargoyle (Desolation)
  13 vault sentinels
  A water nymph (shapeshifter) (Vaults:5)
  7 water nymphs
  20 cane toads
  2 human zombies (Vaults:1)
  A hellion (Depths:2)
  An unseen horror (D:12)
  3 rime drakes
  41 yaktaurs
  3 freezing wraiths
  2 efreet (D:15)
  9 komodo dragons
  3 tengu conjurers (D:14)
  A spectral harpy (WizLab)
  2 polar bears
  A tyrant leech (Lair:5)
  A troll (D:8)
  39 saltlings (Desolation)
  9 wind drakes
  A glass eye (shapeshifter) (Elf:3)
  3 hornets
  24 merfolk
  8 snapping turtles
  17 blink frogs
  5 dream sheep
  A snapping turtle (shapeshifter) (Depths:3)
  An ettin zombie (Vaults:2)
  An air elemental (Elf:3)
  5 shadows
  5 wraiths
  40 slime creatures
  A culicivora (Vaults:3)
  A vampire (D:11)
  35 yaks
  2 wyverns
  A fire elemental (Elf:2)
  A steam dragon (D:8)
  17 water elementals
  A warg (Orc:2)
  3 fire bats (Volcano)
  5 basilisks
  4 golden eyes
  2 hogs
  A human (D:14)
  A redback (Vaults:3)
  12 vampire mosquitoes
  3 acid dragons
  29 nagas
  12 water moccasins
  A black bear (shapeshifter) (D:14)
  3 sky beasts
  4 ice beasts
  12 orc warriors
  8 laughing skulls (WizLab)
  22 ogres
  3 boggarts (Vaults:2)
  5 wolves (Lair:1)
  12 centaurs
  3 kobold brigands
  2 earth elementals
  15 bullfrogs
  2 scorpions
  9 wights (D:8)
  2 human skeletons (Vaults:1)
  9 killer bees
  7 electric eels
  2 howler monkeys (D:10)
  4 lava snakes (Volcano)
  17 orc priests
  2 hounds (D:5)
  A jelly (D:4)
  A sleepcap (D:7)
  Jessica (D:3)
  2 iguanas
  19 orc wizards
  4 adders
  A shadow imp (D:6)
  A white imp (D:6)
  2 dart slugs
  68 orcs
  6 ball pythons
  13 bats
  An endoplasm (D:3)
  2 giant cockroaches
  3 goblins
  14 hobgoblins
  4 jackals (D:4)
  2 quokkas
  3 frilled lizards
  15 kobolds
  2 rats (D:3)
  2 aspiring fleshes (Zot:1)
  7 tentacles
1969 creatures vanquished.

Vanquished Creatures (others)
  An ironbound preserver (Vaults:4)
  A very ugly thing (Depths:1)
  A white draconian (Zot:5)
  A spark wasp (Depths:2)
  An ettin (Orc:2)
  A salamander tyrant (Snake:4)
  A hydra (Lair:3)
  A merfolk aquamancer (Shoals:1)
  A two-headed ogre (Orc:2)
  A skyshark (Lair:4)
  A glowing orange brain (Depths:1)
  A deep troll (Depths:3)
  A harpy (Shoals:1)
  2 deep elf zephyrmancers
  A faun (Shoals:2)
  A cyclops (Lair:3)
  An elephant (Lair:4)
  A saltling (Desolation)
  A slime creature (Vaults:1)
  2 water elementals (Depths:3)
  A yak (Lair:4)
  A naga (Snake:4)
  A boggart (Vaults:2)
  2 bullfrogs (Lair:5)
  An orc (Orc:2)
  9 tentacles
37 creatures vanquished.

Grand Total: 2006 creatures vanquished

Notes
Turn   | Place    | Note
-------+----------+-------------------------------------------
     0 | D:1      | NormalPerson7 the Merfolk Shapeshifter began the quest for
                  | the Orb.
     0 | D:1      | Reached XP level 1. HP: 15/15 MP: 1/1
   245 | D:1      | Reached XP level 2. HP: 21/21 MP: 2/2
   649 | D:2      | You fall into a shaft and drop 1 floor!
   752 | D:3      | Reached XP level 3. HP: 26/26 MP: 3/3
   849 | D:2      | Found Ceitupp's Antique Armour Boutique.
  1110 | D:2      | Reached skill level 5 in Unarmed Combat
  1110 | D:2      | Reached XP level 4. HP: 32/32 MP: 4/4
  1602 | D:3      | Reached XP level 5. HP: 36/37 MP: 3/5
  1692 | D:3      | Noticed Jessica
  1707 | D:3      | Killed Jessica
  1871 | D:3      | Reached XP level 6. HP: 24/43 MP: 3/6
  2796 | D:5      | Entered Level 5 of the Dungeon
  3084 | D:5      | Noticed an ice beast
  3184 | D:4      | Reached XP level 7. HP: 37/48 MP: 4/7
  3260 | D:5      | Found Muhes's Hydra Hut.
  3265 | D:5      | Noticed a seven-headed hydra
  3338 | D:5      | Reached skill level 5 in Shapeshifting
  4230 | D:6      | Found a broken altar of Ashenzari.
  4235 | D:6      | Found a snail-covered altar of Cheibriados.
  4330 | D:6      | Reached XP level 8. HP: 54/54 MP: 8/8
  4686 | D:6      | Found Ablaw's Assorted Antiques.
  4689 | D:6      | Bought a glowing glass wand for 76 gold pieces
  4689 | D:6      | Bought an ivory wand for 76 gold pieces
  4826 | D:7      | Found a white marble altar of Elyvilon.
  4885 | D:7      | Found a staircase to the Ecumenical Temple.
  4924 | Temple   | Entered the Ecumenical Temple
  4934 | Temple   | Became a worshipper of Ru the Awakened
  5710 | D:8      | Found an opulent altar of Gozag.
  5716 | D:8      | Found a runed translucent gate.
  5788 | D:8      | Noticed HourglassMan's ghost (novice BaIE)
  5823 | D:8      | Reached skill level 10 in Shapeshifting
  5933 | D:8      | Reached XP level 9. HP: 38/67 MP: 9/9
  5938 | D:8      | Reached skill level 5 in Fighting
  5991 | D:8      | Reached skill level 5 in Dodging
  6022 | D:8      | Found a sparkling altar of Nemelex Xobeh.
  6379 | D:8      | Gained mutation: You cannot be stealthy. [Ru sacrifice]
  6411 | D:8      | Noticed a hornet
  6419 | D:8      | Killed a hornet
  6528 | D:8      | Found a runed translucent gate.
  6528 | D:8      | Found a runed translucent gate.
  6736 | D:9      | Found a staircase to the Lair.
  6814 | D:9      | Noticed a troll
  6822 | D:8      | Killed a troll
  6897 | D:9      | Reached skill level 10 in Unarmed Combat
  6924 | D:9      | Reached XP level 10. HP: 76/76 MP: 10/10
  7221 | D:9      | Found a radiant altar of Vehumet.
  7373 | D:9      | Found a basalt altar of Yredelemnul.
  7429 | D:9      | Found a shimmering altar of Xom.
  7584 | D:10     | Entered Level 10 of the Dungeon
  7763 | D:10     | Noticed a two-headed ogre
  7786 | D:10     | Killed a two-headed ogre
  7787 | D:10     | Reached skill level 1 in Evocations
  7979 | D:10     | Found a staircase to the Orcish Mines.
  8354 | D:11     | Reached XP level 11. HP: 74/81 MP: 11/11
  8421 | D:11     | Noticed an orc sorcerer
  8423 | D:11     | Found a roughly hewn altar of Beogh.
  8423 | D:11     | Found a transporter.
  8456 | D:11     | Reached skill level 5 in Evocations
  8606 | D:11     | Noticed a cyclops
  8628 | D:11     | Killed a cyclops
  8926 | D:11     | Noticed a boulder beetle
  8949 | D:11     | Killed a boulder beetle
  9185 | D:11     | Found a transporter.
  9189 | D:11     | Noticed a cyclops
  9856 | Lair:1   | Entered Level 1 of the Lair of Beasts
  9999 | Lair:1   | Found a dark tunnel.
 10005 | Volcano  | Entered a volcano
 10148 | Volcano  | Gained mutation: You occasionally lose the ability to read
                  | scrolls when taking damage. [Ru sacrifice]
 10148 | Volcano  | Gained mutation: You sometimes lose the ability to read
                  | scrolls when taking damage. [Ru sacrifice]
 10148 | Volcano  | Reached * piety under Ru
 10148 | Volcano  | Reached ** piety under Ru
 10224 | Volcano  | Noticed a salamander
 10224 | Volcano  | Noticed a salamander
 10249 | Volcano  | Killed a salamander
 10256 | Volcano  | Killed a salamander
 10302 | Volcano  | Noticed a salamander
 10303 | Volcano  | Noticed a salamander mystic
 10321 | Volcano  | Killed a salamander
 10331 | Volcano  | Killed a salamander mystic
 10332 | Volcano  | Reached XP level 12. HP: 74/92 MP: 12/12
 10361 | Volcano  | Found a burning altar of Makhleb.
 10498 | Volcano  | Noticed a red draconian
 10521 | Volcano  | Killed a red draconian
 10582 | Volcano  | Found a burning altar of Makhleb.
 11771 | Lair:2   | Reached skill level 15 in Unarmed Combat
 12068 | Lair:3   | Got Qask's Notes on Energy and the Familiar
 12071 | Lair:3   | Found a gate leading to a gauntlet.
 12081 | Lair:3   | Identified the ring of Mirth {rF+ MP+9 Str+3}
 12088 | Gauntlet | Entered a Gauntlet
 12088 | Gauntlet | Found a transporter.
 12088 | Gauntlet | Found a runed translucent door.
 12088 | Gauntlet | Found a transporter.
 12090 | Gauntlet | Found a runed translucent door.
 12103 | Gauntlet | Found a transporter.
 12107 | Gauntlet | Found a transporter.
 12117 | Gauntlet | Found a transporter.
 12119 | Gauntlet | Found a transporter.
 12128 | Gauntlet | Found a transporter.
 12131 | Gauntlet | Noticed a quicksilver ooze
 12147 | Gauntlet | Found a transporter.
 12150 | Gauntlet | Noticed an entropy weaver
 12164 | Gauntlet | Found a transporter.
 12168 | Gauntlet | Found a transporter.
 12176 | Gauntlet | Found a transporter.
 12180 | Gauntlet | Found a transporter.
 12197 | Gauntlet | Gained mutation: You are missing a hand. [Ru sacrifice]
 12197 | Gauntlet | Reached *** piety under Ru
 12197 | Gauntlet | Reached **** piety under Ru
 12197 | Gauntlet | Reached ***** piety under Ru
 12378 | Gauntlet | Gained mutation: Your magical capacity is low. (-10% MP) [a
                  | shining eye]
 12419 | Gauntlet | Killed a quicksilver ooze
 12420 | Gauntlet | Reached skill level 10 in Fighting
 12420 | Gauntlet | Reached XP level 13. HP: 80/103 MP: 0/11
 12425 | Gauntlet | Got Sif Muna's Cyclopedia of Radiant Bodies
 12433 | Gauntlet | Identified the +0 cloak of Vanity {rElec rC+ Regen+}
 12525 | Gauntlet | Noticed a minotaur
 12533 | Gauntlet | Killed a minotaur
 12537 | Gauntlet | Got the Catalogue of Collective Ouranomancy
 12676 | Lair:3   | Found a staircase to the Snake Pit.
 12862 | Lair:3   | Found a staircase to the Shoals.
 13262 | Lair:3   | Noticed Kirke
 13591 | Lair:3   | Killed Kirke
 13592 | Lair:3   | Reached skill level 10 in Dodging
 13793 | Lair:4   | You fall into a shaft and drop 1 floor!
 13793 | Lair:5   | Entered Level 5 of the Lair of Beasts
 14106 | Lair:4   | Found a staircase to the Slime Pits.
 14616 | D:2      | Bought a bloodstained scale mail for 153 gold pieces
 14616 | D:2      | Identified the +0 scale mail "Nihet" {Fly Int+3 Dex+3} (You
                  | bought it in a shop on level 2 of the Dungeon)
 14616 | D:2      | Bought a smouldering helmet for 161 gold pieces
 14616 | D:2      | Identified the -2 helmet of the Apprentice {rPois Str+3
                  | Dex+3 SInv} (You bought it in a shop on level 2 of the
                  | Dungeon)
 15169 | Lair:5   | Noticed Josephine
 15344 | Lair:4   | Reached XP level 14. HP: 84/111 MP: 12/12
 15378 | Lair:4   | Gained mutation: Your casting is slightly disrupted. [Ru
                  | sacrifice]
 15649 | Lair:5   | Reached skill level 15 in Shapeshifting
 16014 | Lair:5   | Found the +5 glaive of the Guard {elec, spectral}
 16020 | Lair:5   | Identified the ring "Quemeps" {rN++ Will+}
 16045 | Lair:5   | Killed Josephine
 16297 | Lair:5   | Got the Writings on Cold
 16777 | Orc:1    | Entered Level 1 of the Orcish Mines
 17122 | Orc:2    | Entered Level 2 of the Orcish Mines
 17360 | Orc:2    | Paralysed by an ogre mage for 2 turns
 17461 | Orc:2    | Reached XP level 15. HP: 102/126 MP: 13/13
 17586 | Orc:1    | Gained mutation: You cannot study or cast Ice magic. [Ru
                  | sacrifice]
 17586 | Orc:1    | Gained mutation: You cannot study or cast Hexes magic. [Ru
                  | sacrifice]
 17586 | Orc:1    | Gained mutation: You cannot study or cast Conjurations
                  | magic. [Ru sacrifice]
 18095 | Orc:2    | Found Vuups's Jewellery Emporium.
 18096 | Orc:2    | Found Pisip's Antique Weapon Shop.
 18096 | Orc:2    | Found Ocsiux's Assorted Antiques.
 18096 | Orc:2    | Found Gaocs's Distillery.
 18106 | Orc:2    | Bought a blackened glass wand for 88 gold pieces
 18106 | Orc:2    | Bought 3 scrolls of fear for 264 gold pieces
 18106 | Orc:2    | Bought a potion of curing for 66 gold pieces
 18335 | Orc:2    | Found a staircase to the Elven Halls.
 18408 | Orc:2    | Bought a potion of heal wounds for 70 gold pieces
 18408 | Orc:2    | Bought a potion of curing for 42 gold pieces
 18408 | Orc:2    | Bought a potion of curing for 42 gold pieces
 18408 | Orc:2    | Bought a potion of haste for 140 gold pieces
 18408 | Orc:2    | Bought a potion of haste for 140 gold pieces
 18568 | D:12     | Noticed Urug
 18573 | D:12     | Killed Urug
 18751 | D:12     | Found a portal to a secret trove of treasure.
 18792 | D:12     | Noticed Nessos
 18801 | D:12     | Killed Nessos
 18802 | D:12     | Reached skill level 1 in Armour
 19088 | D:12     | Identified the +1 dire flail of the Forgotten Wars {speed,
                  | rF+ rC+ rN+ Str-5}
 19401 | D:13     | Gained mutation: Your casting is disrupted. [Ru sacrifice]
 19401 | D:13     | Reached ****** piety under Ru
 20818 | D:14     | Reached skill level 5 in Armour
 20969 | D:15     | Entered Level 15 of the Dungeon
 21339 | D:15     | Noticed a tengu reaver
 21352 | D:15     | Killed a tengu reaver
 21426 | D:15     | Found a staircase to the Depths.
 21869 | D:15     | Reached XP level 16. HP: 100/129 MP: 14/14
 21871 | D:15     | Found a stormy altar of Qazlal.
 22497 | Snake:1  | Entered Level 1 of the Snake Pit
 22670 | Snake:1  | Identified the serpent talisman of Ukoni {rCorr}
 22670 | Snake:1  | Noticed Aizul
 22675 | Snake:1  | Killed Aizul
 23656 | Snake:1  | Identified the +0 chain mail of the Beastly Taurataur {Harm
                  | Int+8 Dex-3 Stlth+}
 25715 | Snake:3  | Reached skill level 15 in Dodging
 25719 | Snake:3  | Reached XP level 17. HP: 131/134 MP: 2/15
 26159 | Snake:3  | Reached skill level 15 in Fighting
 26853 | Snake:4  | Entered Level 4 of the Snake Pit
 27657 | Snake:4  | Found Ifeba's Book Shop.
 27657 | Snake:4  | Found Agesett's Jewellery Shoppe.
 27658 | Snake:4  | Found Ananyutu's Jewellery Shoppe.
 27747 | Snake:4  | Found Xuuditta's Antique Weapon Shop.
 28710 | Snake:4  | Noticed a quicksilver dragon
 29114 | Snake:4  | Reached skill level 10 in Evocations
 29251 | Snake:4  | Got a serpentine rune of Zot
 29428 | Snake:4  | Killed a quicksilver dragon
 29594 | Shoals:1 | Entered Level 1 of the Shoals
 29604 | Lair:3   | Reached XP level 18. HP: 151/151 MP: 16/16
 29822 | Shoals:1 | Identified the +0 kite shield "Dute" {rElec rN+ Will-
                  | Regen+}
 29822 | Shoals:1 | Noticed Donald
 29836 | Shoals:1 | Killed Donald
 29915 | Shoals:1 | Noticed Louise
 29926 | Shoals:1 | Killed Louise
 29960 | Shoals:1 | Identified a scroll of acquirement
 30641 | Shoals:1 | Acquired a manual of Shapeshifting
 30748 | Shoals:2 | Found Lunwem's Book Shop.
 30845 | Shoals:2 | Found Tinlech's Distillery.
 30877 | Shoals:2 | Bought a potion of berserk rage for 70 gold pieces
 30877 | Shoals:2 | Bought a potion of berserk rage for 70 gold pieces
 30877 | Shoals:2 | Bought a potion of curing for 42 gold pieces
 30877 | Shoals:2 | Bought a potion of curing for 42 gold pieces
 30877 | Shoals:2 | Bought a potion of might for 56 gold pieces
 30893 | Shoals:2 | Found Odamas's Antique Armour Shop.
 30896 | Shoals:2 | Found Zegruh's Distillery.
 31920 | D:6      | Bought a scroll of identify for 38 gold pieces
 31920 | D:6      | Bought a wand of warping (7) for 319 gold pieces
 31921 | D:6      | Reached XP level 19. HP: 156/156 MP: 17/17
 32462 | Shoals:3 | Found Cuytoag's Jewellery Shoppe.
 32645 | Shoals:4 | Entered Level 4 of the Shoals
 32646 | Shoals:4 | Found Quokab's Assorted Antiques.
 32892 | Shoals:2 | Found Gyeseops's Antique Weapon Boutique.
 32896 | Shoals:2 | Found Ybiqer's Jewellery Shop.
 33034 | Shoals:2 | Bought a shiny chain mail for 240 gold pieces
 33150 | Shoals:4 | Bought an encrusted helmet for 218 gold pieces
 33150 | Shoals:4 | Identified the +0 helmet of Wrong Decisions {*Slow rPois
                  | Str+2 Dex+8} (You bought it in a shop on level 4 of the
                  | Shoals)
 33523 | Shoals:4 | Noticed Mlioglotl
 33535 | Shoals:4 | Killed Mlioglotl
 33705 | Shoals:4 | Got a barnacled rune of Zot
 33864 | Shoals:4 | Noticed Ilsuiw
 33901 | Shoals:4 | Killed Ilsuiw
 33902 | Shoals:4 | Reached XP level 20. HP: 124/157 MP: 18/18
 35073 | Elf:1    | Entered Level 1 of the Elven Halls
 35496 | Elf:1    | Found Duuneagh's Weapon Boutique.
 36191 | Elf:2    | Found Hihihuel's Assorted Antiques.
 36365 | Elf:2    | Found a runed translucent gate.
 36365 | Elf:2    | Found a runed translucent gate.
 36365 | Elf:2    | Found a runed translucent gate.
 36619 | Elf:3    | Entered Level 3 of the Elven Halls
 36773 | Elf:3    | Noticed Asterion
 36789 | Elf:3    | Killed Asterion
 37618 | Elf:3    | Identified the ring of Birdsong {Fire Str+4}
 38343 | Elf:3    | Identified the +0 plate armour of Beelof {Slay+2}
 38343 | Elf:3    | Identified the ring "Naelefri" {Wiz rC+ Will+ Stlth+}
 38751 | Elf:3    | Identified the +1 glaive "Lezxulaph" {antimagic, rPois
                  | Int+5}
 39780 | D:14     | Reached XP level 21. HP: 167/167 MP: 18/18
 39842 | D:14     | Found a gate to the Vaults.
 39888 | Vaults:1 | Entered Level 1 of the Vaults
 40073 | Vaults:1 | Found a crumbling gateway.
 40086 | Desolati | Entered the Desolation of Salt
 40188 | Desolati | Identified the +1 ring mail of the Tick {Rampage}
 40237 | Desolati | Identified the ring of Kemnu {Ice MP+9 Stlth+}
 40348 | Desolati | Identified the staff "Vasezyol" {rElec rF++ rN+ Necro Ice}
 40357 | Desolati | Identified the ring "Ilix" {rN+ Str+2 Int+4 SInv Stlth+}
 40427 | Desolati | Got the Almanac of Calefaction
 40432 | Desolati | Identified the staff "Osustricu" {rC- rN+ rCorr Str+4 Conj}
 42577 | Vaults:2 | Acquired 1090 gold pieces
 43252 | Vaults:2 | Found a transporter.
 43252 | Vaults:2 | Noticed lDtest's ghost (adept CoHu)
 43271 | Vaults:2 | Noticed a dread lich
 43274 | Vaults:2 | Found a transporter.
 43415 | Vaults:2 | Killed a dread lich
 44112 | Vaults:3 | Reached XP level 22. HP: 198/198 MP: 19/19
 44692 | Vaults:3 | Found a staircase to the Crypt.
 44692 | Vaults:3 | Found an ancient bone altar of Kikubaaqudgha.
 44693 | Vaults:3 | Found a basalt altar of Yredelemnul.
 44948 | Vaults:3 | Noticed Nikola
 44955 | Vaults:3 | Killed Nikola
 45804 | Vaults:4 | Found Ciran's Jewellery Boutique.
 45948 | Vaults:4 | Found Mell's Magic Scroll Boutique.
 46094 | Vaults:4 | Found Vyonkautt's General Store.
 46097 | Vaults:4 | Found Qoamorch's General Store.
 46473 | Vaults:4 | Bought a potion of enlightenment for 80 gold pieces
 47192 | Depths:1 | Entered Level 1 of the Depths
 47307 | Depths:1 | Reached XP level 23. HP: 183/183 MP: 11/20
 47307 | Depths:1 | Noticed a golden dragon
 47473 | D:15     | Killed a golden dragon
 47586 | Depths:1 | Found a magical portal.
 47591 | WizLab   | Entered Borgnjor's Mausoleum
 48867 | Depths:1 | Identified the +0 plate armour of Indecent Exposure {rC+
                  | Will+ Stlth+}
 48916 | Depths:1 | Found a gateway to Hell.
 49079 | Depths:1 | Found a sparkling altar of Nemelex Xobeh.
 49093 | Depths:1 | Identified the +0 chain mail "Waawkif" {rN+ Dex+3}
 49221 | Depths:1 | Noticed Mara
 49243 | Depths:1 | Killed Mara
 49306 | Depths:2 | Noticed Vv
 49315 | Depths:2 | Killed Vv
 49722 | Depths:2 | Found a one-way gate to the infinite horrors of the Abyss.
 49850 | Depths:2 | Found a burning altar of Makhleb.
 50660 | Depths:2 | Found a one-way gate leading to the halls of Pandemonium.
 50914 | Depths:2 | Noticed Sojobo
 50918 | Depths:2 | Killed Sojobo
 50919 | Depths:2 | Reached XP level 24. HP: 223/223 MP: 20/20
 51268 | Depths:2 | Gained mutation: You occasionally lose the ability to drink
                  | potions when taking damage. [a cacodemon]
 51285 | Depths:2 | Lost mutation: You occasionally lose the ability to drink
                  | potions when taking damage. [potion of mutation]
 51285 | Depths:2 | Lost mutation: Your magical capacity is low. (-10% MP)
                  | [potion of mutation]
 51285 | Depths:2 | Gained mutation: You are resistant to electric shocks.
                  | (rElec) [potion of mutation]
 51285 | Depths:2 | Gained mutation: Your system is resistant to poisons.
                  | (rPois) [potion of mutation]
 51433 | Depths:2 | Identified the +12 demon trident "Beetle's Nightmare"
                  | {freeze, Str+4 Dex-4}
 51474 | Depths:2 | Identified the +4 demon blade of Cuing {elec, Fly rC+ rN+
                  | Str+3}
 51652 | Depths:2 | Identified the +1 demon trident of Duty {freeze, rCorr
                  | Str+2 Int+3 Dex-4}
 52438 | Depths:3 | Found a one-way gateway to a ziggurat.
 53154 | Depths:4 | Entered Level 4 of the Depths
 53704 | Depths:4 | Noticed a caustic shrike
 53705 | Depths:4 | Noticed a caustic shrike
 53707 | Depths:4 | Noticed a caustic shrike
 53710 | Depths:4 | Killed a caustic shrike
 53710 | Depths:4 | Noticed a caustic shrike
 53712 | Depths:4 | Killed a caustic shrike
 53715 | Depths:4 | Killed a caustic shrike
 53719 | Depths:4 | Killed a caustic shrike
 54198 | Depths:4 | Found a gate to the Realm of Zot.
 54255 | Depths:4 | Reached XP level 25. HP: 230/230 MP: 23/23
 54795 | Vaults:5 | Entered Level 5 of the Vaults
 54842 | Vaults:5 | Noticed an ancient lich
 55027 | Vaults:5 | Killed an ancient lich
 55203 | Vaults:5 | Identified the +1 shortbow of Makhleb's Whim {heavy, *Slow
                  | +Blink rElec Int+3}
 56320 | Vaults:5 | Noticed a dread lich
 56351 | Vaults:5 | Paralysed by something for 4 turns
 56360 | Vaults:5 | Killed a dread lich
 56521 | Vaults:5 | Identified the +7 spear of Dissent {elec, rF+ rC- Int+5}
 56545 | Vaults:5 | Identified the +1 robe "Gokacas" {+Inv Str+2}
 56797 | Vaults:5 | Got a silver rune of Zot
 56800 | Vaults:5 | Identified the +0 chain mail of the Several Priests
                  | {^Contam Harm rElec rC+}
 56824 | Vaults:5 | Noticed a dread lich
 56839 | Vaults:5 | Killed a dread lich
 57100 | Vaults:5 | Reached skill level 27 in Fighting
 57362 | Vaults:5 | Identified the +7 broad axe of Gnashing Peril {vamp,
                  | *Corrode rN+++ Str-3 SInv}
 58005 | Zot:1    | Entered Level 1 of the Realm of Zot
 58360 | Zot:1    | Reached XP level 26. HP: 242/242 MP: 23/23
 58512 | Zot:1    | Identified the +8 whip "Newtslayer" {freeze, Str+6}
 58730 | Zot:1    | Noticed a dread lich
 58733 | Zot:1    | Killed a dread lich
 58736 | Zot:1    | Noticed a dread lich
 58739 | Zot:1    | Noticed a dread lich
 58743 | Zot:1    | Killed a dread lich
 58745 | Zot:1    | Killed a dread lich
 58798 | Zot:1    | Noticed a dread lich
 58798 | Zot:1    | Noticed a dread lich
 58808 | Zot:1    | Killed a dread lich
 58813 | Zot:1    | Killed a dread lich
 58821 | Zot:1    | Noticed a dread lich
 58826 | Zot:1    | Killed a dread lich
 58827 | Zot:1    | Reached skill level 27 in Unarmed Combat
 58865 | Zot:1    | Identified the amulet "Eryegig" {Reflect rC- Str-4 Dex+10
                  | SH+5 SInv}
 60369 | Zot:3    | Noticed an orb of fire
 60382 | Zot:3    | Killed an orb of fire
 60819 | Zot:3    | You are sucked into a shaft and drop 1 floor!
 61197 | Zot:3    | Found a glowing silver altar of Zin.
 61923 | Zot:4    | Found a glowing silver altar of Zin.
 62372 | Zot:5    | Entered Level 5 of the Realm of Zot
 62640 | Zot:5    | Reached XP level 27. HP: 249/249 MP: 23/23
 62713 | Zot:5    | Found the +4 dragonskin cloak
 62713 | Zot:5    | Noticed Tiamat
 63119 | Zot:5    | Killed Tiamat
 63477 | Zot:5    | Reached skill level 27 in Dodging
 63514 | Zot:5    | Noticed a dread lich
 63515 | Zot:5    | Noticed an orb of fire
 63516 | Zot:5    | Noticed an orb of fire
 63518 | Zot:5    | Noticed a dread lich
 63520 | Zot:5    | Noticed an orb of fire
 63521 | Zot:5    | Killed a dread lich
 63527 | Zot:5    | Killed an orb of fire
 63528 | Zot:5    | Noticed an orb of fire
 63533 | Zot:5    | Killed an orb of fire
 63539 | Zot:5    | Noticed a dread lich
 63540 | Zot:5    | Killed a dread lich
 63541 | Zot:5    | Reached skill level 15 in Evocations
 63547 | Zot:5    | Killed an orb of fire
 63555 | Zot:5    | Killed an orb of fire
 63652 | Zot:5    | Killed a dread lich
 63883 | Zot:5    | Noticed a dread lich
 63891 | Zot:5    | Noticed an orb of fire
 63923 | Zot:4    | Killed a dread lich
 63937 | Zot:5    | Gained mutation: Your spells are a little easier to cast,
                  | but a little less powerful. [an orb of fire]
 63940 | Zot:5    | Killed an orb of fire
 64228 | Zot:5    | Noticed an ancient lich
 64817 | Zot:5    | Identified the +6 glaive of the Pit {chaos, rElec Int+2
                  | Dex+2}
 64829 | Zot:5    | Killed an ancient lich
 65493 | Zot:5    | Got the Orb of Zot
 65626 | Depths:4 | Noticed Odoibbocoa the pandemonium lord
 65683 | Depths:1 | Noticed Usih the pandemonium lord
 65733 | D:14     | Noticed a seraph
 66015 | D:$      | Escaped with the Orb!

Illustrated notes

Levels and vault maps discovered:
D:1:      tarquinn_simple_flora_water_f, layout_rooms,
          chequers_serial_rivers_micro_b, palyth_stone_intersect
D:2:      layout_loops_ring, serial_shops, shop, minmay_misc_feat_tiny,
          grunt_ministairs_11, small_statue_intersection
D:3:      layout_basic, uniq_jessica
D:4:      layout_loops_ring, hangedman_decor_growths,
          chequers_serial_rivers_micro_a
D:5:      layout_basic, roderic_batcave, doesnt_shop_hydraphobe
D:6:      layout_cave_pools, mainiacjoe_overflow_big_doors, serial_shops,
          kennysheep_mini
D:7:      layout_gridville, elyvilon_altar_5, minmay_temple_entry_slanted
D:8:      layout_basic, nicolae_gozag_seed_capital, nemelex_altar_shiori,
          gammafunk_ghost_icy, minmay_orc_keep
D:9:      layout_rooms, vehumet_altar_wand_db, lemuel_crystal_altar,
          mainiacjoe_overflow_alcove_1, dpeg_oklobed_lair
D:10:     layout_basic, orc_0_dummy
D:11:     gammafunk_beogh_shrine, layout_basic, amcnicky_mini_corridor_feature,
          kennysheep_generic_room_16
D:12:     layout_basic, nicolae_trove_entry_free_sample, uniq_urug, uniq_nessos
D:13:     layout_irregular_city
D:14:     layout_loops_corners, grunt_vaults_entry_fortified
D:15:     hellmonk_depths_entry_around_the_bend, layout_basic,
          nicolae_qazlal_eye_of_the_storm
Temple:   nicolae_temple_great_sept
Lair:1:   layout_hall_layers, nicolae_volcano_entry_s_turn
Lair:2:   layout_loops_ring
Lair:3:   layout_misc_corridors, elwin_shoals_entry_stream,
          alex1729_snake_entry_snake, gauntlet_entry_generic, uniq_kirke
Lair:4:   layout_long_grid, slime_entry_1, fungi_pond_lemuel
Lair:5:   minmay_lair_end_frog_pond, layout_loops_ring, uniq_josephine
Shoals:1: layout_shoals, nicolae_shoals_gull_way, uniq_louise, uniq_donald
Shoals:2: layout_shoals, serial_shops, shop, nicolae_shop_industrial_runoff,
          shop, nicolae_shop_waterfront, nicolae_shop_waterfront,
          nicolae_shoals_c_island
Shoals:3: layout_shoals, serial_shops, shop
Shoals:4: shoals_end_grunt_ice, layout_shoals, shoals_ilsuiw_alternative,
          serial_shops, shop, uniq_mlioglotl
Snake:1:  layout_chambers, uniq_aizul
Snake:2:  layout_basic
Snake:3:  layout_misc_corridors, grunt_megastairs_3
Snake:4:  hellmonk_snake_rune_quicksilver_temple, layout_chambers, serial_shops,
          shop, minmay_shop_grove
Orc:1:    cheibrodos_orc_bank, layout_caves, blackcustard_mines_bat_river
Orc:2:    st_orc_ogre_mass, layout_caves, regret_index_minedec_guest_junction,
          mines4_lemuel
Elf:1:    eino_elf_arrival_the_gate, layout_geoelf_diagonals, serial_shops,
          nicolae_take_the_stairs, nicolae_elf_blasts_and_bolts
Elf:2:    nicolae_elf_blades_splatter_lattice [mumra_blade_entry_dagger],
          layout_geoelf_grid, serial_shops, shop, hangedman_elf_targeted_burst
Elf:3:    grunt_elf_hall_spiral, layout_geoelf_diagonals, uniq_asterion,
          uniq_boris
Vaults:1: portal_desolation_entry_nicolae_slug,
          nicolae_vaults_offset_grid_hallway_3, vaults_dpeg_hooks,
          nicolae_vaults_double_plus_1, nicolae_vaults_alarming,
          nicolae_vaults_house_1, vaults_room_pool, layout_vaults_omnigrid
Vaults:2: gammafunk_ghost_mausoleum, nicolae_vaults_trapezoid_layered,
          nicolae_vaults_house_2, hangedman_vaults_river_flow,
          vaults_room_door_ring, v_misc_23, vaults_room_octagon,
          nicolae_vaults_network_s, nicolae_vaults_spaceships,
          nicolae_vaults_more_shelving_1, nicolae_vaults_diamond_1,
          nicolae_vaults_tetromino_T_1, v_rooms_2, hangedman_vaults_trim,
          vaults_room_ringed_pool, vaults_room_stairs_pillars,
          layout_vaults_ring
Vaults:3: minmay_crypt_entry_necro_gods, nicolae_vaults_turnstiles,
          nicolae_vaults_puzzle_piece, nicolae_vaults_fighting_squares,
          v_pattern_3, v_misc_26, nicolae_vaults_double_plus_2, v_misc_4,
          nicolae_vaults_storage_closets_3, nicolae_vaults_trapezoid_lopsided_1,
          ontoclasm_vaults_misaligned, nicolae_vaults_little_squares_3,
          layout_vaults_maze, uniq_nikola
Vaults:4: vaults_mumra_minichess_inversion, nicolae_vaults_surprise_closet_hard,
          ontoclasm_vaults_hangar, nicolae_vaults_double_plus_3,
          hangedman_vaults_nails, nicolae_vaults_what_the_h,
          nicolae_vaults_disjoint_gnomons, nicolae_vaults_trapezoid_1,
          nicolae_vaults_six-pack, nicolae_vaults_house_1,
          nicolae_vaults_little_squares_2, nicolae_vaults_little_squares_2,
          layout_vaults_big_cross, serial_shops, shop,
          nicolae_shop_advertising_works [nicolae_subvault_shop_adworks], shop,
          shop
Vaults:5
Depths:1: layout_gridville, mu_enter_wizlab_1, lightli_too_deep,
          lemuel_statue_altar, kb_rosetta, infiniplex_staircase_pool_lava,
          uniq_mara
Depths:2: regret_index_makhleb_lecture_halls, layout_basic, hell_entry,
          abyss_entry, rand_demon_pan_entry_3, st_stairs_5, uniq_vv, uniq_sojobo
Depths:3: kennysheep_water_balloons, layout_basic, enter_ziggurat_e, hell_entry,
          minivault_11, abyss_entry_small_statue_room,
          infiniplex_staircase_zigzag_5
Depths:4: grunt_twist_and_shout, layout_honeycomb, grunt_hell_entry_dis_mu,
          kennysheep_four_rooms
Zot:1:    hellmonk_paralyzer, layout_basic, hangedman_elemental_corridor,
          uniq_josephina
Zot:2:    layout_gridlike, regret_index_zotdec_under_construction,
          grunt_megastairs_4
Zot:3:    layout_onion_interference, regret_index_zotdec_iron_s,
          regret_index_zotdec_onion_hex, hangedman_zot_decor_unnerving_road
Zot:4:    layout_basic, regret_index_zotdec_twisting_globes
Zot:5:    layout_concentric_octagons, skrybe_zot_glass_3, uniq_tiamat

Skill      XL: |  1  2  3  4  5  6  7  8  9 10 11 12 13 14 15 16 17 18 19 20 21 22 23 24 25 26 27 |
---------------+----------------------------------------------------------------------------------+-----
Unarmed Combat | 4 5 6 8 10 12 13 15 18 20 24 25 27 | 27.0
Shapeshifting  | 7 10 12 14 18 20 24 25 | 25.0
Fighting       | 4 6 8 10 13 14 16 17 18 20 22 24 26 27 | 27.0
Dodging        | 7 9 12 15 16 18 19 20 26 27 | 27.0
Evocations     | 3 5 10 11 14 19 | 19.1
Armour         | 6 |  6.0

Action                     |  1- 3 |  4- 6 |  7- 9 | 10-12 | 13-15 | 16-18 | 19-21 | 22-24 | 25-27 || total
---------------------------+-------+-------+-------+-------+-------+-------+-------+-------+-------++-------
  Melee: Unarmed           |    51 |   128 |   321 |   575 |   896 |   866 |   906 |   941 |   850 ||  5534
         Punch             |     1 |     2 |     6 |       |       |       |       |       |       ||     9
         Tailslap          |       |       |       |     4 |       |    18 |    53 |   201 |   153 ||   429
         Constrict         |       |       |       |       |       |   141 |       |       |       ||   141
         Bite              |       |       |       |       |       |       |    30 |   142 |   132 ||   304
 Invoke: Sacrifice Stealth |       |       |     1 |       |       |       |       |       |       ||     1
         Sacrifice Words   |       |       |       |     1 |       |       |       |       |       ||     1
         Power Leap        |       |       |       |     3 |     3 |     2 |     5 |     1 |     2 ||    16
         Sacrifice a Hand  |       |       |       |     1 |       |       |       |       |       ||     1
         Apocalypse        |       |       |       |       |     5 |     7 |     5 |     8 |     5 ||    30
         Draw Out Power    |       |       |       |       |     1 |       |     2 |       |       ||     3
         Sacrifice Essence |       |       |       |       |     2 |       |       |       |       ||     2
         Sacrifice Arcana  |       |       |       |       |     1 |       |       |       |       ||     1
Ability: Breathe Fire      |       |       |       |       |       |       |    17 |    11 |     3 ||    31
  Evoke: Wand              |       |     5 |     5 |    30 |     8 |     2 |     7 |     3 |     6 ||    66
         Condenser vane    |       |       |       |       |     1 |       |     1 |       |     1 ||     3
         Lightning rod     |       |       |       |       |       |       |     9 |       |       ||     9
         Phantom mirror    |       |       |       |       |       |       |       |     1 |     2 ||     3
         Phial of floods   |       |       |       |       |       |       |       |       |     1 ||     1
    Use: Scroll            |     2 |     6 |     3 |     9 |    10 |     9 |     9 |     2 |    13 ||    63
         Potion            |       |     1 |       |     2 |     1 |     6 |     4 |     4 |     4 ||    22
   Stab: Paralysed         |       |     4 |    11 |    25 |    10 |    23 |    11 |    22 |     9 ||   115
         Distracted        |       |       |       |     1 |     2 |     4 |     8 |     5 |     2 ||    22
         Invisible         |       |       |       |       |     9 |     9 |     6 |    15 |    10 ||    49
         Confused          |       |       |       |       |     3 |       |       |       |       ||     3
 Armour: Animal skin       |     1 |       |       |       |       |       |       |       |       ||     1
         Leather armour    |    19 |    19 |       |       |       |       |       |       |       ||    38
         Ring mail         |       |    30 |    51 |       |       |       |       |       |       ||    81
         Skin              |       |       |    59 |   202 |    79 |   416 |   134 |   656 |   648 ||  2194
         Scale mail        |       |       |       |       |   423 |     2 |       |       |       ||   425
         Chain mail        |       |       |       |       |       |   182 |   337 |       |       ||   519
  Dodge: Dodged            |    44 |    97 |   245 |   502 |   533 |   429 |   321 |   352 |   331 ||  2854
   Form: Flux              |       |       |     1 |       |       |       |       |       |       ||     1
         Blade             |       |       |       |       |     1 |     1 |     1 |       |       ||     3
         Serpent           |       |       |       |       |       |     1 |       |       |       ||     1
         Dragon            |       |       |       |       |       |       |     2 |       |       ||     2

Table legend: (Time is in decaauts)
 A = Elapsed time spent in this place.
 B = Non-inter-level travel time spent in this place.
 C = Inter-level travel time spent in this place.
 D = Time resting spent in this place.
 E = Time spent auto-exploring this place.
 F = Levels seen in this place.
 G = Mean time per level.
                   A        B        C        D        E       F      G
               +--------+--------+--------+--------+--------+-----+--------+
         Total |  63482 |  57596 |   5886 |  13473 |  29853 |  52 | 1220.8 |
       Dungeon |  15150 |  13133 |   2017 |   1662 |   8312 |  15 | 1010.0 |
        Temple |     20 |      8 |     12 |      0 |      0 |   1 |   20.0 |
          Lair |   5609 |   4850 |    759 |    462 |   2922 |   5 | 1121.8 |
        Shoals |   3815 |   3386 |    429 |    687 |   1700 |   4 |  953.8 |
     Snake Pit |   7156 |   6581 |    575 |   2076 |   3170 |   4 | 1789.0 |
  Orcish Mines |   1757 |   1489 |    268 |    285 |    662 |   2 |  878.5 |
   Elven Halls |   4384 |   3878 |    506 |   1292 |   1581 |   3 | 1461.3 |
        Vaults |   9253 |   8597 |    656 |   2671 |   4300 |   5 | 1850.6 |
        Depths |   5988 |   5602 |    386 |   1614 |   2944 |   4 | 1497.0 |
           Zot |   7338 |   7063 |    275 |   2116 |   3719 |   5 | 1467.6 |
       Volcano |    619 |    619 |      0 |    118 |     51 |   1 |  619.0 |
        Wizlab |   1117 |   1117 |      0 |    368 |    103 |   1 | 1117.0 |
    Desolation |    840 |    840 |      0 |     46 |    311 |   1 |  840.0 |
      Gauntlet |    432 |    432 |      0 |     74 |     77 |   1 |  432.0 |
               +--------+--------+--------+--------+--------+-----+--------+

Top non-repeatable levels by time:
   Elf:3: 2841 daAuts
Vaults:4: 2720 daAuts
Depths:2: 2549 daAuts
 Snake:4: 2447 daAuts
   Zot:5: 2378 daAuts
 Snake:2: 1848 daAuts
Vaults:2: 1823 daAuts
 Snake:1: 1788 daAuts
Vaults:5: 1630 daAuts
Vaults:1: 1607 daAuts
   Zot:4: 1576 daAuts
  Lair:4: 1504 daAuts
    D:15: 1478 daAuts
Vaults:3: 1471 daAuts
  Lair:3: 1426 daAuts
